 Dungeon Crawl Stone Soup version 0.29.1-1-gd02db6906a (webtiles) character file.

Game seed: 12372772036760485898

1393 groovy9 the Skirmisher (level 9, 0/61 HPs)
             Began as a Formicid Hunter on Sept 19, 2022.
             Was an Initiate of Hepliaklqana.
             Engulfed by a steam dragon's steam (7 damage)
             ... on level 5 of the Dungeon.
             The game lasted 00:15:43 (6183 turns).

groovy9 the Skirmisher (Formicid Hunter)            Turns: 6183, Time: 00:15:44

Health: 0/61       AC:  4    Str: 16    XL:     9   Next: 0%
Magic:  9/9        EV: 27    Int:  9    God:    Hepliaklqana [......]
Gold:   255        SH:  0    Dex: 21    Spells: 8/8 levels left

rFire   . . .      SeeInvis +   a - +1 longbow
rCold   . . .      Faith    .   (no shield)
rNeg    . . .      Spirit   .   c - +0 leather armour
rPois   .          Reflect  .   (helmet unavailable)
rElec   .          Harm     .   (no cloak)
rCorr   .          Rampage  .   o - +0 pair of gloves
Will    .....                   (no boots)
Stlth   ++++......              d - amulet of the acrobat
HPRegen 0.20/turn               (no ring)
MPRegen 0.11/turn               (no ring)

@: acrobatic
A: permanent stasis, dig shafts and tunnels, antennae 3, four strong arms
a: Dig, Shaft Self, Renounce Religion


You were on level 5 of the Dungeon.
You worshipped Hepliaklqana.
Hepliaklqana was noncommittal.
You visited 2 branches of the dungeon, and saw 7 of its levels.

You collected 255 gold pieces.

Inventory:

Hand Weapons
 a - a +1 longbow (weapon)
 b - a +0 dagger of draining
Missiles
 u - 6 curare-tipped darts
Armour
 c - a +0 leather armour (worn)
 o - a +0 pair of gloves (worn)
Jewellery
 d - an amulet of the acrobat (around neck)
 g - an amulet of faith
Wands
 h - a wand of iceblast (22)
Scrolls
 e - 2 scrolls of immolation
 i - a scroll of identify
 l - a scroll of fear
 m - a scroll of magic mapping
 r - 2 scrolls of noise
Potions
 f - a potion of magic
 j - a potion of haste {unknown}
 k - 2 potions of mutation {unknown}
 n - a potion of invisibility {unknown}
 p - 2 potions of ambrosia
 q - a potion of degeneration {unknown}
 s - 2 potions of attraction {unknown}
 t - a potion of curing


   Skills:
 - Level 2.1 Fighting
 * Level 9.5 Ranged Weapons
 - Level 1.7 Dodging
 + Level 7.8 Stealth


You had 8 spell levels left.
You didn't know any spells.
Your spell library contained the following spells:

 Spells                   Type           Power      Damage    Failure   Level
 Freeze                   Ice            0%         1d3       45%         1
 Magic Dart               Conj           0%         1d3       45%         1
 Call Imp                 Summ           0%         N/A       58%         2
 Confusing Touch          Hex            0%         N/A       83%         3
 Frozen Ramparts          Ice            0%         1d1       83%         3
 Mephitic Cloud           Conj/Pois/Air  0%         N/A       83%         3
 Hailstorm                Conj/Ice       0%         3d3       99%         4
 Olgreb's Toxic Radiance  Pois           0%         N/A       99%         4
 Yara's Violent Unravell  Hex/Tmut       0%         3d3       100%        5
 Enfeeble                 Hex            0%         N/A       100%        7
 Ozocubu's Refrigeration  Ice            0%         4d7       100%        7
 Ignition                 Fire           0%         3d3       100%        8


Dungeon Overview and Level Annotations

Branches:
Dungeon (6/15)             Temple (1/1) D:5

Altars:
Ashenzari
Dithmenos
Elyvilon
Fedhas
Gozag
Hepliaklqana
Nemelex Xobeh
Okawaru
Qazlal
Ru
Sif Muna
Trog
Uskayaw
Vehumet
Wu Jian
Xom
Zin
The Shining One


Innate Abilities, Weirdness & Mutations

You cannot be hasted, slowed, berserked, paralysed or teleported.
You can dig through walls and to a lower floor.
You have a pair of large antennae on your head. (SInv)
Your four strong arms can wield two-handed weapons with a shield.


Message History

Increase (S)trength, (I)ntelligence, or (D)exterity?
You feel agile. x2
You are engulfed in a cloud of scalding steam.
The white imp laughs crazily.
The steam dragon bites you. The steam dragon barely misses you.
You climb upwards.
There is a stone staircase leading down here.
You sense an unholy aura.
b - a +0 dagger of draining (weapon)
The steam dragon closely misses you.
The steam dragon claws you but does no damage.
Okay, then.
Non-targeted abil: Dig
Press: ? - help, Q - select action, (/) - cycle Dir - look around, f - activate You extend your mandibles.
Non-targeted abil: Dig
Press: ? - help, Q - select action, (/) - cycle Dir - look around, f - activate
Okay, then.
a - a +1 longbow (weapon)
Fire: a) +1 longbow
Press: ? - help, Q - select action, (/) - cycle Shift-Dir - straight line, f - steam dragon
Aim: a steam dragon (66% to hit)
You shoot an arrow.
The arrow closely misses the steam dragon.
The steam dragon breathes steam at you. The ball of steam hits you!!
* * * LOW HITPOINT WARNING * * *
You retract your mandibles.
The steam dragon misses you. The steam dragon barely misses you.
Okay, then.
As you read the scroll of fear, it crumbles to dust.
You assume a fearsome visage.
The steam dragon looks frightened!
You are engulfed in a cloud of scalding steam.
* * * LOW HITPOINT WARNING * * *
Cornered, the steam dragon turns to fight!
The steam dragon breathes steam at you. The ball of steam misses you.
There is an open door here.
You are engulfed in a cloud of scalding steam.
You die...

############ #..........#
############# #..........#
###...........####§.........#
..............'.@§§§...D..>.#
###...........####§....§....#
#...........# ##..........#
##...........# #...........#
#.#######.#### #...........#
##.# #....###...........# ###
#..).##.....#####.##
##########.[..##.....# #.#
#..........)(.##.....# #.#


There were no monsters in sight!

Vanquished Creatures
  A black bear (D:5)
  2 ice beasts (D:5)
  An ogre (D:5)
  A centaur (D:5)
  A phantom (D:5)
  A gnoll sergeant (D:5)
  3 scorpions
  4 hounds
  An orc priest (D:5)
  A jelly (D:4)
  2 gnoll boudas
  Ijyb (D:4)
  An iguana (D:5)
  An orc wizard (D:5)
  Robin (D:3)
  17 gnolls
  4 adders
  A white imp (D:4)
  5 dart slugs
  10 orcs
  6 bats
  5 endoplasms
  6 giant cockroaches
  19 goblins
  12 hobgoblins
  7 jackals
  3 quokkas (D:1)
  4 ball pythons
  2 frilled lizards (D:3)
  5 kobolds
  7 rats
135 creatures vanquished.

Notes
Turn   | Place    | Note
-------+----------+-------------------------------------------
     0 | D:1      | groovy9 the Formicid Hunter began the quest for the Orb.
     0 | D:1      | Reached XP level 1. HP: 16/16 MP: 1/1
   186 | D:1      | Reached XP level 2. HP: 22/22 MP: 2/2
   686 | D:1      | Reached XP level 3. HP: 27/27 MP: 3/3
   760 | D:1      | Found a faded altar of an unknown god.
  1190 | D:2      | Reached XP level 4. HP: 25/33 MP: 4/4
  1336 | D:2      | Reached skill level 5 in Ranged Weapons
  2309 | D:3      | Reached XP level 5. HP: 38/38 MP: 5/5
  2800 | D:3      | Reached skill level 6 in Ranged Weapons
  2829 | D:3      | Reached XP level 6. HP: 42/44 MP: 6/6
  2873 | D:3      | Noticed Robin
  2896 | D:3      | Killed Robin
  3445 | D:4      | Noticed Ijyb
  3673 | D:4      | Killed Ijyb
  3689 | D:4      | Reached XP level 7. HP: 43/50 MP: 7/7
  3690 | D:4      | Reached skill level 5 in Stealth
  3698 | D:4      | Reached skill level 7 in Ranged Weapons
  4312 | D:5      | Entered Level 5 of the Dungeon
  4458 | D:5      | Identified the +2 great sword "Sogh" {vorpal, rN+ rCorr}
  4498 | D:5      | Reached skill level 8 in Ranged Weapons
  4498 | D:5      | Reached XP level 8. HP: 38/56 MP: 8/8
  5202 | D:5      | Found a staircase to the Ecumenical Temple.
  5211 | Temple   | Entered the Ecumenical Temple
  5220 | Temple   | Became a worshipper of Hepliaklqana the Forgotten
  5288 | D:5      | Reached skill level 9 in Ranged Weapons
  6168 | D:6      | Reached XP level 9. HP: 42/61 MP: 9/9
  6183 | D:5      | Engulfed by a steam dragon's steam

Illustrated notes

Levels and vault maps discovered:
D:1:      dpeg_arrival_pits, layout_loops_ring,
          hellmonk_ecumenical_altar_heavens_door, minmay_pentomino_s2
D:2:      minmay_diamond_boxcup, layout_rooms, hangedman_decor_push,
          ebering_dispersal_statue_hall
D:3:      layout_basic, serial_co_window_serial, co_window_paths_b,
          co_window_paths_a, co_window_corner_a, co_window_paths_a,
          co_window_paths_a, co_window_broadway_a, co_window_2corner,
          co_window_unsneaky_path_e, co_window_corner_b, co_window_4corner_b,
          glass_columns_a, minmay_misc_feat_tiny, uniq_robin
D:4:      layout_rooms, uniq_ijyb
D:5:      layout_basic, minmay_temple_entry_junction
D:6:      layout_rooms, mainiacjoe_overflow_alcove_1, st_stairs_4
Temple:   nicolae_temple_no_exploring_needed

Skill      XL: |  1  2  3  4  5  6  7  8 |
---------------+-------------------------+-----
Stealth        | 2 3 4 6 7 |  7.8
Ranged Weapons | 5 6 8 9 |  9.5
Fighting       | |  2.1
Dodging        | |  1.7

Action                   |  1- 3 |  4- 6 |  7- 9 || total
-------------------------+-------+-------+-------++-------
Melee: Dagger            |    11 |    41 |    22 ||    74
       Punch             |       |       |     1 ||     1
 Fire: Shortbow          |    94 |    41 |       ||   135
       Longbow           |       |    97 |   143 ||   240
 Abil: Dig               |     1 |     2 |     4 ||     7
  Use: Scroll            |     3 |     5 |     9 ||    17
       Potion            |       |     5 |       ||     5
Armor: Leather armour    |    14 |    26 |    13 ||    53
       Skin              |       |    60 |     7 ||    67
Dodge: Dodged            |    37 |   101 |    49 ||   187
